 Dungeon Crawl Stone Soup version 0.27.0-1-g7a089689b8 (webtiles) character file.

Game seed: 10900152300572624950

4 sanka the Vexing (level 1, 16/17 HPs)
             Began as a Ghoul Arcane Marksman on Aug 4, 2021.
             Was a Follower of Sif Muna.
             Quit the game on level 1 of the Dungeon.
             The game lasted 00:00:21 (383 turns).

sanka the Vexing (Ghoul Arcane Marksman)             Turns: 383, Time: 00:00:22

Health: 16/17      AC:  2    Str: 13    XL:     1   Next: 60%
Magic:  1/1        EV: 12    Int:  8    God:    Sif Muna [*.....]
Gold:   10         SH:  0    Dex:  9    Spells: 1/2 levels left

rFire    . . .     SeeInvis .   (no weapon)
rCold    + . .     Faith    .   (no shield)
rNeg     + + +     Spirit   .   a - +0 robe
rPois    ∞         Reflect  .   (no helmet)
rElec    .         Harm     .   (no cloak)
rCorr    .         Rampage  .   (no gloves)
Will     .....                  (no boots)
Stlth    +.........             (no amulet)
HPRegen  0.00/turn              (no ring)
MPRegen  0.07/turn              (no ring)

@: inhibited regen
A: claws 1, cold resistance 1, negative energy resistance 3, inhibited
regeneration, torment resistance 2
a: Renounce Religion, Channel Magic


You were on level 1 of the Dungeon.
You worshipped Sif Muna.
Sif Muna was aware of your devotion.
You visited 1 branch of the dungeon, and saw 1 of its levels.

You collected 10 gold pieces.


Innate Abilities, Weirdness & Mutations

You thrive by killing the living.
You are immune to poison.
You have sharp fingernails.
Your flesh is cold resistant. (rC+)
You are immune to negative energy. (rN+++)
You do not regenerate when monsters are visible.
You are immune to unholy pain and torment.


   Skills:
 + Level 1.8 Fighting
 - Level 1.7 Throwing
 - Level 1.7 Dodging
 - Level 1.0 Spellcasting
 - Level 2.4 Hexes


You had one spell level left.
You knew the following spells:

 Your Spells              Type           Power      Damage    Failure   Level
Z - Corona                Hex            4%         N/A       16%         1

Your spell library contained the following spells:

 Spells                   Type           Power      Damage    Failure   Level
 Slow                     Hex            4%         N/A       22%         2
 Inner Flame              Hex/Fire       2%         N/A       58%         3
 Portal Projectile        Hex/Tloc       4%         N/A       58%         3
 Cause Fear               Hex            2%         N/A       83%         4

Inventory:

Missiles
 b - 5 javelins (quivered)
 c - 2 throwing nets {=f}
Armour
 a - a +0 robe (worn)
Scrolls
 d - a scroll of identify {unknown}

Dungeon Overview and Level Annotations

Branches:
Dungeon (1/15)

Altars:
Sif Muna

▒.....▒...▒ ▒. ▒.
▒.........▒ ▒. ▒▒.▒
▒...).▒...▒ ▒. ▒...▒
▒.....▒...▒▒▒▒▒
....▒▒......▒▒......).
▒...▒▒.....▒▒....▒▒▒▒
▒...▒▒▒▒..▒▒....▒
▒b.?.....▒▒▒▒▒.▒
▒⌠n......▒ ▒.▒
▒........▒▒▒▒▒.▒
▒(..▒▒▒▒......(.▒
▒...▒▒ ▒▒▒▒▒▒▒▒▒▒
....▒ ....▒ ▒▒..▒ ▒▒▒


You could see a bat.


Message History

No target in view!
No target in view!
You start resting.
HP restored.
Things that are here:
a +0 dagger; a kobold skeleton You see here 12 stones.
Found a scroll labelled MEIMOA QUPT.
Found a faded altar of an unknown god.
Found 29 sling bullets.
A bat comes into view.
The bat hits you.
There is a faded altar of an unknown god here.
You closely miss the bat. The bat barely misses you.
You barely miss the bat. The bat barely misses you.
You cannot tell which god this altar belongs to.
Convert to them anyway?
Okay, then.
A bat is nearby!
Unknown command.
Press < or > to pray at altars.
Unknown command.
Press < or > to pray at altars.
You cannot tell which god this altar belongs to.
Convert to them anyway?
Sif Muna accepts your prayer! Sif Muna welcomes you!
You can now call upon Sif Muna for magical energy.
The bat closely misses you.
Are you sure you want to abandon this character and quit the game? (Confirm with "yes".)

Action                   || total
-------------------------++-------
Melee: Unarmed           ||    12
Dodge: Dodged            ||    11

Levels and vault maps discovered:
D:1:      co_arrival_square_in_a_square_in_a_square, layout_basic,
          hellmonk_ecumenical_altar_crossroads

Notes
Turn   | Place    | Note
-------+----------+-------------------------------------------
     0 | D:1      | sanka the Ghoul Arcane Marksman began the quest for the
                  | Orb.
     0 | D:1      | Reached XP level 1. HP: 16/16 MP: 1/1
   372 | D:1      | Found a faded altar of an unknown god.
   382 | D:1      | Became a worshipper of Sif Muna the Loreminder
   382 | D:1      | Reached * piety under Sif Muna
   383 | D:1      | Quit the game

Vanquished Creatures
  A goblin (D:1)
  A quokka (D:1)
  A ball python (D:1)
  A kobold (D:1)
4 creatures vanquished.
